 Dungeon Crawl Stone Soup version 0.22-a0-558-gc224181 (webtiles) character file.

249 pk666 the Magician (level 5, -17/28 HPs)
             Began as a Deep Elf Wizard on June 26, 2018.
             Killed from afar by Ijyb (19 damage)
             ... with a wand of acid (6)
             ... on level 4 of the Dungeon.
             The game lasted 00:06:31 (3654 turns).

pk666 the Magician (Deep Elf Wizard)                Turns: 3654, Time: 00:06:32

Health: -17/28     AC:  2    Str:  6    XL:     5   Next: 87%
Magic:  0/16       EV: 13    Int: 24    God:
Gold:   267        SH:  0    Dex: 13    Spells: 8/17 levels left

rFire    . . .     SeeInvis .   c - +0 dagger (venom)
rCold    . . .     Gourm    .   (no shield)
rNeg     . . .     Faith    .   a - +0 robe
rPois    .         Spirit   +   b - +0 hat
rElec    .         Reflect  .   (no cloak)
rCorr    .         Harm     .   (no gloves)
MR       .....                  (no boots)
Stlth    ++........             i - amulet of guardian spirit
HPRegen  0.09/turn              k - +2 ring of strength
MPRegen  0.15/turn              (no ring)

@: no status effects
A: no striking features
a: no special abilities


You were on level 4 of the Dungeon.
You were not hungry.

You visited 1 branch of the dungeon, and saw 4 of its levels.

You collected 267 gold pieces.

Inventory:

Hand Weapons
 c - a +0 dagger of venom (weapon)
Armour
 a - a +0 robe (worn)
 b - a +0 hat (worn)
Jewellery
 i - an amulet of guardian spirit (around neck)
 k - a +2 ring of strength (left hand)
Wands
 p - a wand of digging (15)
Scrolls
 e - 5 scrolls of identify {unknown}
 f - a scroll of fog {unknown}
 g - 3 scrolls of remove curse {unknown}
 j - a scroll of blinking {unknown}
 l - 3 scrolls of teleportation {unknown}
 n - a scroll of random uselessness {unknown}
 q - a scroll of fear {unknown}
Potions
 h - 2 potions of haste {unknown}
 m - a potion of degeneration {unknown}
 o - 2 potions of lignification {unknown}
 r - a potion of curing
Comestibles
 d - 6 rations


   Skills:
 - Level 2.4 Dodging
 - Level 2.4 Stealth
 + Level 6.5 Spellcasting
 + Level 4.0 Conjurations
   Level 1.1 Summonings
 - Level 1.1 Translocations
 + Level 2.9 Fire Magic


You had 8 spell levels left.
You knew the following spells:

 Your Spells              Type           Power        Failure   Level  Hunger
a - Magic Dart            Conj           ####         1%          1    None
b - Blink                 Tloc           N/A          8%          2    None
c - Conjure Flame         Conj/Fire      ###.....     5%          3    None
d - Mephitic Cloud        Conj/Pois/Air  ##......     13%         3    None

Your spell library contained the following spells:

 Spells                   Type           Power        Failure   Level  Hunger
 Slow                     Hex            #.......     12%         2    None
 Call Imp                 Summ           ##......     8%          2    None


Dungeon Overview and Level Annotations

Branches:
Dungeon (4/15)
 Temple: D:4-7

Altars:
Ashenzari
Wu Jian
The Shining One

Annotations:
D:3 1 runed door, Defined's ghost, amateur HOFi
D:4 Ijyb


Message History

Confirm with . or Enter, or press ? or * to list all spells.
You can't see any susceptible monsters within range! (Use Z to cast anyway.)
Found a stone staircase leading down.
Ijyb the Twisted Goblin comes into view.
She is wielding a club.
Ijyb shouts!
Ijyb zaps a wand.
The bolt of acid hits you!
Ouch! That really hurt!
You are splashed with acid!
The acid burns!
* * * LOW HITPOINT WARNING * * *
It is a wand of acid (6).
Casting: Magic Dart (safe; 1% risk of failure)
Confirm with . or Enter, or press ? or * to list all spells.
You don't have enough magic to cast that spell.
Casting: Magic Dart (safe; 1% risk of failure)
Confirm with . or Enter, or press ? or * to list all spells.
You don't have enough magic to cast that spell.
Okay, then.
Ijyb zaps a wand.
The bolt of acid hits you!
Ouch! That really hurt!
You die...

....>.. #.# #####.......##
........ #.# #.........#
........### ..#
####.........# ........#..
##............# ........#.#
###............<.
........#.#
#...###########..
.......)#.# ##....# #..
#.....#..#####..#.# ###
#..g....@.#...###########
#.#######.....รท..........
#. ####..##.###..... ..
##.###........# ... ##..#
#........# ....
#..####...######
...[...######.........##
........................###
....###....)#######...###


You could see Ijyb.

Vanquished Creatures
  A hound (D:4)
  A bullfrog skeleton (D:4)
  Natasha (D:3)
  2 worker ants
  Terence (D:3)
  2 adders (D:4)
  An ooze (D:4)
  A worm (D:4)
  5 dart slugs
  2 leopard geckos
  2 orcs (D:4)
  5 giant cockroaches
  3 goblins (D:1)
  6 hobgoblins
  4 jackals (D:2)
  4 kobolds
  4 quokkas
  5 bats
  6 frilled lizards
  A quokka skeleton (D:4)
  5 rats
62 creatures vanquished.

Notes
Turn   | Place    | Note
-------+----------+-------------------------------------------
     0 | D:1      | pk666 the Deep Elf Wizard began the quest for the Orb.
     0 | D:1      | Reached XP level 1. HP: 10/10 MP: 7/7
   407 | D:1      | Reached XP level 2. HP: 15/15 MP: 4/9
   701 | D:1      | Reached skill level 5 in Spellcasting
  1084 | D:2      | Reached XP level 3. HP: 19/19 MP: 8/11
  1088 | D:2      | Learned a level 2 spell: Blink
  1092 | D:2      | Learned a level 3 spell: Conjure Flame
  1096 | D:2      | Learned a level 3 spell: Mephitic Cloud
  1351 | D:2      | Found an ornate altar of the Wu Jian Council.
  2263 | D:3      | Found a glowing golden altar of the Shining One.
  2263 | D:3      | Found a shattered altar of Ashenzari.
  2274 | D:3      | Noticed Terence
  2301 | D:3      | Killed Terence
  2301 | D:3      | Reached skill level 1 in Fire Magic
  2301 | D:3      | Reached XP level 4. HP: 20/24 MP: 1/13
  2566 | D:3      | Noticed Natasha
  2574 | D:3      | Killed Natasha
  2679 | D:3      | Found a runed door.
  2679 | D:3      | Noticed a bullfrog
  2681 | D:3      | Noticed Defined's ghost (amateur HOFi)
  3045 | D:4      | Reached skill level 6 in Spellcasting
  3045 | D:4      | Reached XP level 5. HP: 25/28 MP: 3/15
  3648 | D:4      | Noticed Ijyb
  3650 | D:4      | HP: 1/28 [acid (9)]
  3654 | D:4      | Killed from afar by Ijyb

Vault maps used:
D:1:      lightli_arrival_quake
D:2:      lemuel_crystal_altar, first_ration, roderic_filled_cross
D:3:      gammafunk_temple_overflow_elements, ebering_ghost_sewer_d,
          minmay_misc_feat_cross, uniq_terence, uniq_natasha
D:4:      temple_green, uniq_ijyb

Skill      XL: |  1  2  3  4  5 |
---------------+----------------+-----
Conjurations   | 2 3 4 |  4.0
Spellcasting   | 5 6 |  6.5
Fire Magic     | 1 2 |  2.9
Dodging        | |  2.4
Stealth        | |  2.4
Summonings     | |  1.1
Translocations | |  1.1

Action                   |  1- 3 |  4- 6 || total
-------------------------+-------+-------++-------
Melee: Dagger            |     9 |     2 ||    11
 Cast: Magic Dart        |   109 |    78 ||   187
       Conjure Flame     |     1 |     1 ||     2
       Mephitic Cloud    |     1 |       ||     1
  Use: Potion            |       |     3 ||     3
  Eat: Chunk             |     4 |     4 ||     8
Armor: Robe              |     2 |       ||     2
Dodge: Dodged            |    25 |    20 ||    45

Table legend:
 A = Spawn XP
 B = Non-spawn XP
 C = Spawn XP percentage of total XP
 D = Spawn monster count
 E = Non-spawn monster count
 F = Spawn count percentage of total count
 G = Total turns spent on level
                    A         B        C        D         E        F      G
               +---------+---------+-------+---------+---------+-------+---------
         Total |       0 |     357 |   0.0 |       0 |      62 |   0.0 |  3654
               +---------+---------+-------+---------+---------+-------+---------
           D:1 |       0 |      39 |   0.0 |       0 |      18 |   0.0 |  1041
           D:2 |       0 |      35 |   0.0 |       0 |      20 |   0.0 |  1074
           D:3 |       0 |     113 |   0.0 |       0 |      10 |   0.0 |   863
           D:4 |       0 |     170 |   0.0 |       0 |      14 |   0.0 |   676
               +---------+---------+-------+---------+---------+-------+---------
